Login

Nashville Predators vs Colorado Avalanche

Created - 10 April 2024 at 23:14

Goals
1 2 3 T
Nashville Predators 0 1 1 2
Colorado Avalanche 2 2 1 5
Shots
1 2 3 T
Nashville Predators 7 10 13 30
Colorado Avalanche 9 17 18 44

GoalsPenalties
1st period
1. Colorado Avalanche , Artturi Lehkonen 2 (Cale Makar 7, Chris Wagner 1) at 2:41
2. Colorado Avalanche , Jonathan Drouin 2 (Samuel Girard 2) at 10:04
Roman Josi (NSH) for Boarding (Minor) at 7:05
Luke Schenn (NSH) for Tripping (Minor) at 14:16
2nd period
3. Colorado Avalanche , Mikko Rantanen 10 (Bowen Byram 5, Jack Johnson 3) at 11:12
4. Nashville Predators , Colton Sissons 3 (Mark Jankowski 1, Gustav Nyquist 3) at 15:04
5. Colorado Avalanche , Jonathan Drouin 3 (Devon Toews 2, Tomas Tatar 4) at 16:03 (PP)
Tyson Barrie (NSH) for Interference (Minor) at 15:21
3rd period
6. Nashville Predators , Michael McCarron 1 (Gustav Nyquist 4, Alexandre Carrier 1) at 1:55
7. Colorado Avalanche , Tomas Tatar 5 (Logan O'Connor 2, Cale Makar 8) at 4:08
Mikko Rantanen (COL) for Roughing (Minor) at 8:50
Tyson Barrie (NSH) for Roughing (Minor) at 13:09
Mikko Rantanen (COL) for Cross-checking (Minor) at 17:10
Goalie Stats
Juuse Saros (NSH), 39 saves from 44 shots - (0.886), L, 9-7-1, 60:00 minutes
Pavel Francouz (COL), 28 saves from 30 shots - (0.933), W, 2-0-1, 60:00 minutes
3 StarsOfficial
1 - Jonathan Drouin (COL)
2 - Tomas Tatar (COL)
3 - Cale Makar (COL)
Referees : Shaun Davis and Peter MacDougall
Linesman : Brad Kovachik and Brent Hooks
Game Note
No Game Note
Finance
Level 1 -- Attendance: 5085 (84.75%) -- Ticket Income $508,500
Level 2 -- Attendance: 4883 (97.66%) -- Ticket Income $292,980
Level 3 -- Attendance: 1942 (97.10%) -- Ticket Income $67,970
Level 4 -- Attendance: 3645 (91.13%) -- Ticket Income $91,125
Luxury Box -- Attendance: 932 (93.20%) -- Ticket Income $186,400
Game was played at the Ball Arena.
Total Attendance: 16487 (91.59%)
Total Ticket Income: $1,146,975
Other Income: $562,018
Total Income: $1,708,993



Team Name Goals Shots Shots Attemp Shots Blocked PIM HIT PP PK FO%
Nashville Predators 2306378150 / 2 (0%)136%
Colorado Avalanche 54479114201 / 4 (25%)064%

Nashville Predators
Player Name POS G A P +/- PIM HIT SHT SB MP PP MP PP SHT PK MP PK SHT FO% FOT GA TA
Alexandre CarrierD0110000013:490:0000:1300% 000
Cody GlassC0000010011:540:0000:54033% 300
Cole SmithLW0000012011:540:0000:5400% 100
Colton SissonsRW101-1011118:002:3000:0000% 200
Dante FabbroD0000010016:130:0002:2600% 000
Denis GurianovRW0000001011:000:0000:0000% 000
Filip ForsbergLW000-1036222:002:3024:000100% 100
Gustav NyquistC022000108:490:0000:00025% 400
Jeremy LauzonD000-1000121:381:2903:5600% 001
Luke EvangelistaRW000-1001014:231:2800:0000% 010
Luke SchennD000-1220019:121:2901:1600% 010
Mark JankowskiC011002108:490:0000:0000% 000
Michael McCarronRW101000308:490:0000:0000% 000
Roman JosiD000-1215225:162:2922:5600% 002
Ryan O'ReillyC000-1000122:002:3004:00045% 3310
Tommy NovakC000-1001017:171:2801:45025% 1601
Tyson BarrieD000-1417024:572:2902:3100% 001
Yakov TreninLW000-1021017:171:2801:4500% 111
Colorado Avalanche
Player Name POS G A P +/- PIM HIT SHT SB MP PP MP PP SHT PK MP PK SHT FO% FOT GA TA
Andrew CoglianoC000000208:060:0000:11050% 400
Artturi LehkonenLW1011032020:393:1800:0000% 000
Bowen ByramD0110012219:103:0600:0000% 000
Cale MakarD0222016023:553:0611:5500% 010
Chris WagnerRW0110020011:030:0400:0000% 000
Devon ToewsD0112002225:243:3311:5500% 020
Fredrik OlofssonLW000001108:480:0000:5300% 000
Jack JohnsonD0110010218:570:0002:0300% 000
Joel KivirantaLW000000007:550:0000:0000% 001
Jonathan DrouinLW2020023015:143:1710:2800% 000
Josh MansonD0000010215:260:0002:0300% 001
Logan O'ConnorRW0111021012:420:0400:0000% 100
Mikko RantanenRW1011416121:273:1800:00050% 400
Nathan MacKinnonC0001018122:113:1800:42070% 3010
Ross ColtonC0000000013:280:0402:25020% 510
Ryan JohansenC0001030016:283:1700:53073% 1501
Samuel GirardD0110006117:083:3310:0000% 010
Tomas TatarLW1121015017:593:1702:240100% 201

Nashville Predators

5 vs 5 Forward
Line #Left WingCenterRight WingPHYDFOFWanted %Time %Time Play
1Filip ForsbergRyan O'ReillyColton Sissons1223831%15:30
2Yakov TreninTommy NovakLuke Evangelista1223428%14:04
3Cole SmithCody GlassDenis Gurianov1222322%11:00
4Mark JankowskiGustav NyquistMichael McCarron122518%8:49
5 vs 5 Defense
Line #DefenseDefensePHYDFOFWanted %Time %Time Play
1Roman JosiTyson Barrie1223939%19:18
2Luke SchennJeremy Lauzon1223334%17:01
3Dante FabbroAlexandre Carrier1222425%12:19
4Roman JosiTyson Barrie12242%0:45
Power Play Forward
Line #Left WingCenterRight WingPHYDFOFWanted %Time %Time Play
1Filip ForsbergRyan O'ReillyColton Sissons1226063%2:30
2Yakov TreninTommy NovakLuke Evangelista1224037%1:28
Power Play Defense
Line #DefenseDefensePHYDFOFWanted %Time %Time Play
1Roman JosiTyson Barrie1226063%2:29
2Luke SchennJeremy Lauzon1224037%1:29
Penalty Kill 4 Players Forward
Line #CenterWingPHYDFOFWanted %Time %Time Play
1Ryan O'ReillyFilip Forsberg1226074%4:54
2Tommy NovakYakov Trenin1224026%1:45
Penalty Kill 4 Players Defense
Line #DefenseDefensePHYDFOFWanted %Time %Time Play
1Roman JosiTyson Barrie1226063%4:13
2Luke SchennJeremy Lauzon1224037%2:26
Penalty Kill 3 Players
Line #WingPHYDFOFWanted %Time %Time PlayDefenseDefensePHYDFOFWanted %Time %Time Play
1Ryan O'Reilly122600%0:00 Roman JosiTyson Barrie122600%0:00
2Tommy Novak122400%0:00 Luke SchennJeremy Lauzon122400%0:00
4 vs 4 Forward
Line #CenterWingPHYDFOFWanted %Time %Time Play
1Ryan O'ReillyFilip Forsberg122600%0:00
2Tommy NovakYakov Trenin122400%0:00
4 vs 4 Defense
Line #DefensePHYDFOFWanted %Time %Time Play
1Roman JosiTyson Barrie122600%0:00
2Luke SchennJeremy Lauzon122400%0:00
Last Minutes Offensive
Left WingCenterRight WingDefenseDefense
Filip ForsbergRyan O'ReillyColton SissonsRoman JosiTyson Barrie
Last Minutes Defensive
Left WingCenterRight WingDefenseDefense
Filip ForsbergRyan O'ReillyColton SissonsRoman JosiTyson Barrie
Time
Total ForwardTotal DefenseLast Minutes OffensiveLast Minutes Defensive
60:00 60:00 0:000:00
Extra Forwards
Normal PowerPlayPenalty Kill
Cody Glass, Gustav Nyquist, Yakov TreninCody Glass, Gustav NyquistCody Glass
Extra Defensemen
Normal PowerPlayPenalty Kill
Jeremy Lauzon, Dante Fabbro, Alexandre CarrierJeremy Lauzon, Jeremy LauzonDante Fabbro
Penalty Shots
Filip Forsberg, Ryan O'Reilly, Tommy Novak, Colton Sissons, Cody Glass
Goalie
Juuse Saros, Kevin Lankinen
Custom OT Lines Forwards
Filip Forsberg, Ryan O'Reilly, Tommy Novak, Colton Sissons, Cody Glass, Gustav Nyquist, Yakov Trenin, Luke Evangelista, Cole Smith, Mark Jankowski
Custom OT Lines Defensemen
Roman Josi, Tyson Barrie, Luke Schenn, Jeremy Lauzon, Dante Fabbro
Scratches
Ryan McDonagh (Strained Groin Injury), Juuso Parssinen (Right Knee Injury), Kiefer Sherwood (Torn Right ACL Injury), Spencer Stastney (Healthy), Anton Stralman (Healthy)

Colorado Avalanche

5 vs 5 Forward
Line #Left WingCenterRight WingPHYDFOFWanted %Time %Time Play
1Artturi LehkonenNathan MacKinnonMikko Rantanen1044037%18:31
2Tomas TatarRyan JohansenLogan O'Connor1043025%12:18
3Jonathan DrouinRoss ColtonChris Wagner1222022%10:39
4Joel KivirantaAndrew CoglianoFredrik Olofsson1221016%7:55
5 vs 5 Defense
Line #DefenseDefensePHYDFOFWanted %Time %Time Play
1Cale MakarDevon Toews0414039%19:24
2Samuel GirardJosh Manson0413028%13:55
3Jack JohnsonBowen Byram0413033%16:04
4Cale MakarDevon Toews12200%0:00
Power Play Forward
Line #Left WingCenterRight WingPHYDFOFWanted %Time %Time Play
1Artturi LehkonenNathan MacKinnonMikko Rantanen0056051%3:22
2Tomas TatarRyan JohansenJonathan Drouin0054049%3:17
Power Play Defense
Line #DefenseDefensePHYDFOFWanted %Time %Time Play
1Cale MakarBowen Byram0056047%3:06
2Devon ToewsSamuel Girard0054053%3:33
Penalty Kill 4 Players Forward
Line #CenterWingPHYDFOFWanted %Time %Time Play
1Ross ColtonTomas Tatar1316078%3:05
2Ryan JohansenFredrik Olofsson1314022%0:53
Penalty Kill 4 Players Defense
Line #DefenseDefensePHYDFOFWanted %Time %Time Play
1Jack JohnsonJosh Manson1405052%2:03
2Devon ToewsCale Makar1315048%1:55
Penalty Kill 3 Players
Line #WingPHYDFOFWanted %Time %Time PlayDefenseDefensePHYDFOFWanted %Time %Time Play
1Andrew Cogliano122600%0:00 Jack JohnsonJosh Manson122600%0:00
2Ross Colton122400%0:00 Devon ToewsCale Makar122400%0:00
4 vs 4 Forward
Line #CenterWingPHYDFOFWanted %Time %Time Play
1Nathan MacKinnonMikko Rantanen104600%0:00
2Ryan JohansenArtturi Lehkonen113400%0:00
4 vs 4 Defense
Line #DefensePHYDFOFWanted %Time %Time Play
1Cale MakarDevon Toews014600%0:00
2Bowen ByramJosh Manson014400%0:00
Last Minutes Offensive
Left WingCenterRight WingDefenseDefense
Artturi LehkonenNathan MacKinnonMikko RantanenCale MakarBowen Byram
Last Minutes Defensive
Left WingCenterRight WingDefenseDefense
Artturi LehkonenNathan MacKinnonMikko RantanenCale MakarBowen Byram
Time
Total ForwardTotal DefenseLast Minutes OffensiveLast Minutes Defensive
60:00 60:00 0:000:00
Extra Forwards
Normal PowerPlayPenalty Kill
Tomas Tatar, Jonathan Drouin, Nathan MacKinnonLogan O'Connor, Ross ColtonNathan MacKinnon
Extra Defensemen
Normal PowerPlayPenalty Kill
Bowen Byram, Josh Manson, Samuel GirardJosh Manson, Samuel GirardBowen Byram
Penalty Shots
Mikko Rantanen, Nathan MacKinnon, Jonathan Drouin, Artturi Lehkonen, Tomas Tatar
Goalie
Pavel Francouz, Alexandar Georgiev
Custom OT Lines Forwards
Mikko Rantanen, Nathan MacKinnon, Chris Wagner, Artturi Lehkonen, Tomas Tatar, Ryan Johansen, Ross Colton, Logan O'Connor, Jonathan Drouin, Andrew Cogliano
Custom OT Lines Defensemen
Cale Makar, Bowen Byram, Jack Johnson, Samuel Girard, Josh Manson
Scratches
Caleb Jones (Suspend), Valeri Nichushkin (Suspend), Justus Annunen (Healthy)


Play-by-Play

1st period


0:01 of 1st period - Nathan MacKinnon wins face-off versus Ryan O'Reilly in neutral zone.
0:10 of 1st period - Snap shot by Mikko Rantanen.
0:10 of 1st period - Shot Misses the Net.
0:12 of 1st period - Slapshot by Cale Makar.
0:12 of 1st period - Shot Blocked by Roman Josi.
1:16 of 1st period - Wrist shot by Nathan MacKinnon.
1:16 of 1st period - Shot Hit the Post.
1:38 of 1st period - Filip Forsberg is hit by Bowen Byram.
1:56 of 1st period - Yakov Trenin is hit by Logan O'Connor and loses puck.
2:39 of 1st period - Slapshot by Cale Makar.
2:39 of 1st period - Shot Blocked by Ryan O'Reilly.
2:41 of 1st period - Wrist shot by Artturi Lehkonen.
2:41 of 1st period - Goal by Artturi Lehkonen - Nashville Predators : 0 - Colorado Avalanche : 1.
2:42 of 1st period - Mikko Rantanen wins face-off versus Ryan O'Reilly in neutral zone.
3:08 of 1st period - Filip Forsberg is hit by Jonathan Drouin and loses puck.
3:26 of 1st period - Off-side.
3:27 of 1st period - Tommy Novak wins face-off versus Ryan Johansen in neutral zone.
4:02 of 1st period - Snap shot by Mikko Rantanen.
4:02 of 1st period - Shot Misses the Net.
4:25 of 1st period - Wrist shot by Andrew Cogliano.
4:25 of 1st period - Shot Misses the Net.
4:37 of 1st period - Wrist shot by Tomas Tatar.
4:37 of 1st period - Stopped by Juuse Saros without a rebound.
4:38 of 1st period - Ryan Johansen wins face-off versus Ryan O'Reilly in Nashville Predators zone.
4:45 of 1st period - Snap shot by Tomas Tatar.
4:45 of 1st period - Stopped by Juuse Saros without a rebound.
4:46 of 1st period - Nathan MacKinnon wins face-off versus Tommy Novak in Nashville Predators zone.
4:47 of 1st period - Wrist shot by Mikko Rantanen.
4:47 of 1st period - Deflect By Nathan MacKinnon.
4:47 of 1st period - Shot Misses the Net.
4:47 of 1st period - Puck is out of play.
4:48 of 1st period - Nathan MacKinnon wins face-off versus Tommy Novak in Nashville Predators zone.
4:49 of 1st period - Slapshot by Mikko Rantanen.
4:49 of 1st period - Shot Misses the Net.
6:05 of 1st period - Wrist shot by Joel Kiviranta.
6:05 of 1st period - Shot Misses the Net.
6:07 of 1st period - Slapshot by Samuel Girard.
6:07 of 1st period - Shot Misses the Net.
6:09 of 1st period - Wrist shot by Fredrik Olofsson.
6:09 of 1st period - Stopped by Juuse Saros with a rebound.
6:11 of 1st period - Slapshot by Andrew Cogliano.
6:11 of 1st period - Stopped by Juuse Saros without a rebound.
6:12 of 1st period - Ryan O'Reilly wins face-off versus Nathan MacKinnon in Nashville Predators zone.
6:39 of 1st period - Luke Schenn is hit by Logan O'Connor and loses puck.
6:48 of 1st period - Slapshot by Tommy Novak.
6:48 of 1st period - Shot Misses the Net.
7:05 of 1st period - Minor Penalty to Roman Josi for Boarding.
7:06 of 1st period - Nathan MacKinnon wins face-off versus Ryan O'Reilly in Nashville Predators zone.
9:05 of 1st period - Penalty to Roman Josi is over, Roman Josi is back on ice.
9:15 of 1st period - Off-side.
9:16 of 1st period - Tommy Novak wins face-off versus Andrew Cogliano in neutral zone.
9:33 of 1st period - Slapshot by Tommy Novak.
9:33 of 1st period - Shot Blocked by Josh Manson.
10:04 of 1st period - Slapshot by Jonathan Drouin.
10:04 of 1st period - Goal by Jonathan Drouin - Nashville Predators : 0 - Colorado Avalanche : 2.
10:05 of 1st period - Ryan O'Reilly wins face-off versus Nathan MacKinnon in neutral zone.
10:12 of 1st period - Slapshot by Tyson Barrie.
10:12 of 1st period - Stopped by Pavel Francouz with a rebound.
11:13 of 1st period - Slapshot by Roman Josi.
11:13 of 1st period - Shot Blocked by Samuel Girard.
11:39 of 1st period - Wrist shot by Nathan MacKinnon.
11:39 of 1st period - Stopped by Juuse Saros with a rebound.
11:53 of 1st period - Slapshot by Filip Forsberg.
11:53 of 1st period - Stopped by Pavel Francouz with a rebound.
11:55 of 1st period - Slapshot by Tyson Barrie.
11:55 of 1st period - Stopped by Pavel Francouz with a rebound.
11:57 of 1st period - Snap shot by Luke Evangelista.
11:57 of 1st period - Stopped by Pavel Francouz without a rebound.
11:58 of 1st period - Nathan MacKinnon wins face-off versus Tommy Novak in Colorado Avalanche zone.
12:50 of 1st period - Luke Evangelista is hit by Tomas Tatar and loses puck.
13:27 of 1st period - Alexandre Carrier is hit by Artturi Lehkonen and loses puck.
13:49 of 1st period - Wrist shot by Cole Smith.
13:49 of 1st period - Stopped by Pavel Francouz with a rebound.
14:16 of 1st period - Minor Penalty to Luke Schenn for Tripping.
14:17 of 1st period - Ryan O'Reilly wins face-off versus Nathan MacKinnon in Nashville Predators zone.
14:52 of 1st period - Snap shot by Samuel Girard.
14:52 of 1st period - Stopped by Juuse Saros with a rebound.
16:16 of 1st period - Penalty to Luke Schenn is over, Luke Schenn is back on ice.
16:26 of 1st period - Snap shot by Yakov Trenin.
16:26 of 1st period - Shot Misses the Net.
17:19 of 1st period - Alexandre Carrier is hit by Jack Johnson and loses puck.
17:46 of 1st period - Jack Johnson is hit by Roman Josi and loses puck.
18:11 of 1st period - Chris Wagner is hit by Colton Sissons.
18:25 of 1st period - Slapshot by Andrew Cogliano.
18:25 of 1st period - Stopped by Juuse Saros without a rebound.
18:26 of 1st period - Cody Glass wins face-off versus Ryan Johansen in Nashville Predators zone.
18:37 of 1st period - Backhand shot by Tyson Barrie.
18:37 of 1st period - Shot Misses the Net.
18:39 of 1st period - Backhand shot by Denis Gurianov.
18:39 of 1st period - Stopped by Pavel Francouz with a rebound.
18:41 of 1st period - Snap shot by Cody Glass.
18:41 of 1st period - Shot Blocked by Devon Toews.
18:43 of 1st period - Slapshot by Tyson Barrie.
18:43 of 1st period - Stopped by Pavel Francouz without a rebound.
18:44 of 1st period - Ryan O'Reilly wins face-off versus Nathan MacKinnon in Colorado Avalanche zone.
19:11 of 1st period - Josh Manson is hit by Yakov Trenin.
19:15 of 1st period - Wrist shot by Tommy Novak.
19:15 of 1st period - Shot Misses the Net.
19:35 of 1st period - Samuel Girard is hit by Luke Schenn and loses puck.
19:40 of 1st period - Snap shot by Cody Glass.
19:40 of 1st period - Shot Misses the Net.
19:48 of 1st period - Denis Gurianov is hit by Jonathan Drouin.
19:58 of 1st period - Artturi Lehkonen is hit by Filip Forsberg and loses puck.
Goals for this period are 0 for Nashville Predators vs 2 for Colorado Avalanche.
Shots for this period are 7 for Nashville Predators vs 9 for Colorado Avalanche.

2nd period


0:01 of 2nd period - Nathan MacKinnon wins face-off versus Ryan O'Reilly in neutral zone.
0:13 of 2nd period - Icing by Filip Forsberg.
0:14 of 2nd period - Ryan O'Reilly wins face-off versus Nathan MacKinnon in Nashville Predators zone.
0:25 of 2nd period - Slapshot by Roman Josi.
0:25 of 2nd period - Stopped by Pavel Francouz without a rebound.
0:26 of 2nd period - Nathan MacKinnon wins face-off versus Colton Sissons in Colorado Avalanche zone.
0:34 of 2nd period - Slapshot by Cale Makar.
0:34 of 2nd period - Shot Misses the Net.
0:36 of 2nd period - Slapshot by Devon Toews.
0:36 of 2nd period - Stopped by Juuse Saros with a rebound.
0:38 of 2nd period - Snap shot by Cale Makar.
0:38 of 2nd period - Stopped by Juuse Saros with a rebound.
0:40 of 2nd period - Slapshot by Nathan MacKinnon.
0:40 of 2nd period - Shot Misses the Net.
0:42 of 2nd period - Snap shot by Nathan MacKinnon.
0:42 of 2nd period - Stopped by Juuse Saros with a rebound.
1:17 of 2nd period - Dante Fabbro is hit by Chris Wagner and loses puck.
1:46 of 2nd period - Wrist shot by Nathan MacKinnon.
1:46 of 2nd period - Stopped by Juuse Saros without a rebound.
1:47 of 2nd period - Ryan Johansen wins face-off versus Ryan O'Reilly in Nashville Predators zone.
1:48 of 2nd period - Slapshot by Cale Makar.
1:48 of 2nd period - Stopped by Juuse Saros with a rebound.
2:40 of 2nd period - Slapshot by Roman Josi.
2:40 of 2nd period - Stopped by Pavel Francouz with a rebound.
2:44 of 2nd period - Slapshot by Tyson Barrie.
2:44 of 2nd period - Stopped by Pavel Francouz without a rebound.
2:45 of 2nd period - Nathan MacKinnon wins face-off versus Gustav Nyquist in Colorado Avalanche zone.
2:50 of 2nd period - Slapshot by Bowen Byram.
2:50 of 2nd period - Stopped by Juuse Saros with a rebound.
3:11 of 2nd period - Bowen Byram is hit by Filip Forsberg and loses puck.
3:20 of 2nd period - Slapshot by Logan O'Connor.
3:20 of 2nd period - Stopped by Juuse Saros with a rebound.
3:22 of 2nd period - Slapshot by Josh Manson.
3:22 of 2nd period - Shot Misses the Net.
3:38 of 2nd period - Slapshot by Tommy Novak.
3:38 of 2nd period - Deflect By Yakov Trenin.
3:38 of 2nd period - Stopped by Pavel Francouz with a rebound.
4:14 of 2nd period - Off-side.
4:15 of 2nd period - Nathan MacKinnon wins face-off versus Gustav Nyquist in neutral zone.
5:16 of 2nd period - Snap shot by Michael McCarron.
5:16 of 2nd period - Stopped by Pavel Francouz with a rebound.
5:47 of 2nd period - Wrist shot by Gustav Nyquist.
5:47 of 2nd period - Deflect By Mark Jankowski.
5:47 of 2nd period - Shot Misses the Net.
5:47 of 2nd period - Puck is out of play.
5:48 of 2nd period - Ryan Johansen wins face-off versus Ryan O'Reilly in Colorado Avalanche zone.
5:48 of 2nd period - Cale Makar is hit by Filip Forsberg and loses puck.
6:21 of 2nd period - Snap shot by Jonathan Drouin.
6:21 of 2nd period - Stopped by Juuse Saros with a rebound.
6:59 of 2nd period - Colton Sissons is hit by Ryan Johansen and loses puck.
7:55 of 2nd period - Jack Johnson is hit by Cole Smith and loses puck.
8:50 of 2nd period - Backhand shot by Nathan MacKinnon.
8:50 of 2nd period - Shot Misses the Net.
9:20 of 2nd period - Dante Fabbro is hit by Chris Wagner and loses puck.
10:18 of 2nd period - Wrist shot by Nathan MacKinnon.
10:18 of 2nd period - Stopped by Juuse Saros with a rebound.
10:34 of 2nd period - Slapshot by Luke Schenn.
10:34 of 2nd period - Shot Blocked by Bowen Byram.
10:36 of 2nd period - Slapshot by Luke Schenn.
10:36 of 2nd period - Shot Misses the Net.
10:38 of 2nd period - Slapshot by Jeremy Lauzon.
10:38 of 2nd period - Shot Misses the Net.
10:40 of 2nd period - Slapshot by Jeremy Lauzon.
10:40 of 2nd period - Deflect By Mark Jankowski.
10:40 of 2nd period - Shot Misses the Net.
10:40 of 2nd period - Puck is out of play.
10:41 of 2nd period - Ross Colton wins face-off versus Tommy Novak in Colorado Avalanche zone.
10:56 of 2nd period - Slapshot by Tyson Barrie.
10:56 of 2nd period - Stopped by Pavel Francouz with a rebound.
10:58 of 2nd period - Backhand shot by Roman Josi.
10:58 of 2nd period - Shot Misses the Net.
11:10 of 2nd period - Slapshot by Bowen Byram.
11:10 of 2nd period - Shot Blocked by Filip Forsberg.
11:12 of 2nd period - Wrist shot by Mikko Rantanen.
11:12 of 2nd period - Goal by Mikko Rantanen - Nashville Predators : 0 - Colorado Avalanche : 3.
11:13 of 2nd period - Ryan O'Reilly wins face-off versus Mikko Rantanen in neutral zone.
11:16 of 2nd period - Snap shot by Filip Forsberg.
11:16 of 2nd period - Shot Misses the Net.
11:18 of 2nd period - Wrist shot by Ryan O'Reilly.
11:18 of 2nd period - Shot Blocked by Nathan MacKinnon.
11:20 of 2nd period - Snap shot by Filip Forsberg.
11:20 of 2nd period - Stopped by Pavel Francouz without a rebound.
11:21 of 2nd period - Nathan MacKinnon wins face-off versus Ryan O'Reilly in Colorado Avalanche zone.
11:34 of 2nd period - Slapshot by Nathan MacKinnon.
11:34 of 2nd period - Stopped by Juuse Saros without a rebound.
11:35 of 2nd period - Ryan O'Reilly wins face-off versus Nathan MacKinnon in Nashville Predators zone.
11:48 of 2nd period - Slapshot by Tyson Barrie.
11:48 of 2nd period - Shot Blocked by Mikko Rantanen.
12:40 of 2nd period - Snap shot by Tommy Novak.
12:40 of 2nd period - Shot Blocked by Josh Manson.
12:56 of 2nd period - Denis Gurianov is hit by Artturi Lehkonen and loses puck.
13:13 of 2nd period - Joel Kiviranta is hit by Mark Jankowski and loses puck.
13:22 of 2nd period - Slapshot by Bowen Byram.
13:22 of 2nd period - Stopped by Juuse Saros without a rebound.
13:23 of 2nd period - Mikko Rantanen wins face-off versus Tommy Novak in Nashville Predators zone.
13:26 of 2nd period - Wrist shot by Artturi Lehkonen.
13:26 of 2nd period - Shot Misses the Net.
14:30 of 2nd period - Slapshot by Cale Makar.
14:30 of 2nd period - Deflect By Joel Kiviranta.
14:30 of 2nd period - Shot Misses the Net.
14:30 of 2nd period - Puck is out of play.
14:31 of 2nd period - Gustav Nyquist wins face-off versus Andrew Cogliano in Nashville Predators zone.
14:38 of 2nd period - Slapshot by Andrew Cogliano.
14:38 of 2nd period - Shot Misses the Net.
14:46 of 2nd period - Slapshot by Bowen Byram.
14:46 of 2nd period - Shot Misses the Net.
15:02 of 2nd period - Wrist shot by Mark Jankowski.
15:02 of 2nd period - Stopped by Pavel Francouz with a rebound.
15:04 of 2nd period - Snap shot by Colton Sissons.
15:04 of 2nd period - Goal by Colton Sissons - Nashville Predators : 1 - Colorado Avalanche : 3.
15:05 of 2nd period - Nathan MacKinnon wins face-off versus Ryan O'Reilly in neutral zone.
15:18 of 2nd period - Wrist shot by Nathan MacKinnon.
15:18 of 2nd period - Stopped by Juuse Saros without a rebound.
15:19 of 2nd period - Ryan O'Reilly wins face-off versus Logan O'Connor in Nashville Predators zone.
15:21 of 2nd period - Minor Penalty to Tyson Barrie for Interference.
15:22 of 2nd period - Ryan O'Reilly wins face-off versus Nathan MacKinnon in Nashville Predators zone.
15:36 of 2nd period - Roman Josi is hit by Artturi Lehkonen and loses puck.
15:53 of 2nd period - Slapshot by Devon Toews.
15:53 of 2nd period - Stopped by Juuse Saros without a rebound.
15:54 of 2nd period - Tomas Tatar wins face-off versus Tommy Novak in Nashville Predators zone.
16:01 of 2nd period - Wrist shot by Tomas Tatar.
16:01 of 2nd period - Shot Misses the Net.
16:03 of 2nd period - Wrist shot by Devon Toews.
16:03 of 2nd period - Deflect By Jonathan Drouin.
16:03 of 2nd period - Goal by Jonathan Drouin - Nashville Predators : 1 - Colorado Avalanche : 4.
16:04 of 2nd period - Nathan MacKinnon wins face-off versus Ryan O'Reilly in neutral zone.
16:07 of 2nd period - Backhand shot by Devon Toews.
16:07 of 2nd period - Shot Misses the Net.
16:09 of 2nd period - Snap shot by Artturi Lehkonen.
16:09 of 2nd period - Stopped by Juuse Saros without a rebound.
16:10 of 2nd period - Nathan MacKinnon wins face-off versus Ryan O'Reilly in Nashville Predators zone.
16:59 of 2nd period - Slapshot by Cale Makar.
16:59 of 2nd period - Shot Misses the Net.
18:04 of 2nd period - Snap shot by Tomas Tatar.
18:04 of 2nd period - Stopped by Juuse Saros without a rebound.
18:05 of 2nd period - Ryan Johansen wins face-off versus Tommy Novak in Nashville Predators zone.
18:41 of 2nd period - Slapshot by Filip Forsberg.
18:41 of 2nd period - Stopped by Pavel Francouz with a rebound.
19:13 of 2nd period - Michael McCarron is hit by Ryan Johansen and loses puck.
Goals for this period are 1 for Nashville Predators vs 2 for Colorado Avalanche.
Shots for this period are 10 for Nashville Predators vs 17 for Colorado Avalanche.

3rd period


0:01 of 3rd period - Nathan MacKinnon wins face-off versus Ryan O'Reilly in neutral zone.
0:06 of 3rd period - Wrist shot by Mikko Rantanen.
0:06 of 3rd period - Stopped by Juuse Saros without a rebound.
0:07 of 3rd period - Nathan MacKinnon wins face-off versus Ryan O'Reilly in Nashville Predators zone.
0:10 of 3rd period - Wrist shot by Nathan MacKinnon.
0:10 of 3rd period - Shot Misses the Net.
0:22 of 3rd period - Wrist shot by Mikko Rantanen.
0:22 of 3rd period - Stopped by Juuse Saros with a rebound.
0:24 of 3rd period - Snap shot by Mikko Rantanen.
0:24 of 3rd period - Shot Misses the Net.
0:56 of 3rd period - Slapshot by Nathan MacKinnon.
0:56 of 3rd period - Shot Blocked by Roman Josi.
1:04 of 3rd period - Wrist shot by Mikko Rantanen.
1:04 of 3rd period - Stopped by Juuse Saros without a rebound.
1:05 of 3rd period - Ryan Johansen wins face-off versus Tommy Novak in Nashville Predators zone.
1:08 of 3rd period - Slapshot by Samuel Girard.
1:08 of 3rd period - Shot Blocked by Jeremy Lauzon.
1:10 of 3rd period - Wrist shot by Samuel Girard.
1:10 of 3rd period - Deflect By Luke Evangelista.
1:10 of 3rd period - Stopped by Juuse Saros with a rebound.
1:12 of 3rd period - Slapshot by Samuel Girard.
1:12 of 3rd period - Stopped by Juuse Saros with a rebound.
1:22 of 3rd period - Wrist shot by Tomas Tatar.
1:22 of 3rd period - Shot Misses the Net.
1:55 of 3rd period - Snap shot by Gustav Nyquist.
1:55 of 3rd period - Deflect By Michael McCarron.
1:55 of 3rd period - Goal by Michael McCarron - Nashville Predators : 2 - Colorado Avalanche : 4.
1:56 of 3rd period - Ryan Johansen wins face-off versus Yakov Trenin in neutral zone.
2:09 of 3rd period - Jack Johnson is hit by Yakov Trenin and loses puck.
2:22 of 3rd period - Colton Sissons is hit by Mikko Rantanen and loses puck.
2:33 of 3rd period - Snap shot by Filip Forsberg.
2:33 of 3rd period - Stopped by Pavel Francouz with a rebound.
3:10 of 3rd period - Snap shot by Cale Makar.
3:10 of 3rd period - Stopped by Juuse Saros with a rebound.
3:35 of 3rd period - Snap shot by Tomas Tatar.
3:35 of 3rd period - Shot Misses the Net.
3:37 of 3rd period - Slapshot by Samuel Girard.
3:37 of 3rd period - Stopped by Juuse Saros without a rebound.
3:38 of 3rd period - Nathan MacKinnon wins face-off versus Cody Glass in Nashville Predators zone.
3:39 of 3rd period - Snap shot by Mikko Rantanen.
3:39 of 3rd period - Shot Misses the Net.
4:02 of 3rd period - Icing by Roman Josi.
4:03 of 3rd period - Ryan Johansen wins face-off versus Tommy Novak in Nashville Predators zone.
4:06 of 3rd period - Wrist shot by Logan O'Connor.
4:06 of 3rd period - Shot Misses the Net.
4:08 of 3rd period - Slapshot by Tomas Tatar.
4:08 of 3rd period - Goal by Tomas Tatar - Nashville Predators : 2 - Colorado Avalanche : 5.
4:09 of 3rd period - Ryan Johansen wins face-off versus Ryan O'Reilly in neutral zone.
4:22 of 3rd period - Snap shot by Tomas Tatar.
4:22 of 3rd period - Stopped by Juuse Saros without a rebound.
4:23 of 3rd period - Nathan MacKinnon wins face-off versus Tommy Novak in Nashville Predators zone.
5:35 of 3rd period - Off-side.
5:36 of 3rd period - Andrew Cogliano wins face-off versus Cody Glass in neutral zone.
5:51 of 3rd period - Slapshot by Samuel Girard.
5:51 of 3rd period - Stopped by Juuse Saros with a rebound.
5:53 of 3rd period - Wrist shot by Andrew Cogliano.
5:53 of 3rd period - Shot Misses the Net.
6:25 of 3rd period - Slapshot by Tyson Barrie.
6:25 of 3rd period - Deflect By Michael McCarron.
6:25 of 3rd period - Shot Misses the Net.
6:25 of 3rd period - Puck is out of play.
6:26 of 3rd period - Ryan Johansen wins face-off versus Gustav Nyquist in Colorado Avalanche zone.
6:26 of 3rd period - Ryan Johansen is hit by Mark Jankowski.
6:54 of 3rd period - Wrist shot by Gustav Nyquist.
6:54 of 3rd period - Stopped by Pavel Francouz with a rebound.
7:07 of 3rd period - Slapshot by Cale Makar.
7:07 of 3rd period - Stopped by Juuse Saros without a rebound.
7:08 of 3rd period - Nathan MacKinnon wins face-off versus Ryan O'Reilly in Nashville Predators zone.
7:11 of 3rd period - Wrist shot by Nathan MacKinnon.
7:11 of 3rd period - Stopped by Juuse Saros without a rebound.
7:12 of 3rd period - Nathan MacKinnon wins face-off versus Ryan O'Reilly in Nashville Predators zone.
7:59 of 3rd period - Cole Smith is hit by Fredrik Olofsson and loses puck.
8:04 of 3rd period - Wrist shot by Samuel Girard.
8:04 of 3rd period - Stopped by Juuse Saros without a rebound.
8:05 of 3rd period - Andrew Cogliano wins face-off versus Cole Smith in Nashville Predators zone.
8:06 of 3rd period - Slapshot by Cale Makar.
8:06 of 3rd period - Deflect By Andrew Cogliano.
8:06 of 3rd period - Shot Misses the Net.
8:06 of 3rd period - Puck is out of play.
8:07 of 3rd period - Nathan MacKinnon wins face-off versus Ryan O'Reilly in Nashville Predators zone.
8:14 of 3rd period - Snap shot by Nathan MacKinnon.
8:14 of 3rd period - Shot Misses the Net.
8:16 of 3rd period - Slapshot by Cale Makar.
8:16 of 3rd period - Stopped by Juuse Saros with a rebound.
8:18 of 3rd period - Snap shot by Devon Toews.
8:18 of 3rd period - Shot Blocked by Colton Sissons.
8:20 of 3rd period - Slapshot by Devon Toews.
8:20 of 3rd period - Shot Blocked by Filip Forsberg.
8:22 of 3rd period - Snap shot by Mikko Rantanen.
8:22 of 3rd period - Stopped by Juuse Saros without a rebound.
8:23 of 3rd period - Tommy Novak wins face-off versus Ryan Johansen in Nashville Predators zone.
8:23 of 3rd period - Tommy Novak is hit by Ryan Johansen.
8:31 of 3rd period - Snap shot by Tyson Barrie.
8:31 of 3rd period - Stopped by Pavel Francouz without a rebound.
8:32 of 3rd period - Ryan Johansen wins face-off versus Tommy Novak in Colorado Avalanche zone.
8:37 of 3rd period - Wrist shot by Tommy Novak.
8:37 of 3rd period - Stopped by Pavel Francouz with a rebound.
8:39 of 3rd period - Slapshot by Roman Josi.
8:39 of 3rd period - Stopped by Pavel Francouz with a rebound.
8:41 of 3rd period - Slapshot by Roman Josi.
8:41 of 3rd period - Shot Misses the Net.
8:43 of 3rd period - Slapshot by Tommy Novak.
8:43 of 3rd period - Shot Misses the Net.
8:45 of 3rd period - Slapshot by Luke Evangelista.
8:45 of 3rd period - Shot Misses the Net.
8:47 of 3rd period - Snap shot by Tyson Barrie.
8:47 of 3rd period - Stopped by Pavel Francouz without a rebound.
8:48 of 3rd period - Nathan MacKinnon wins face-off versus Colton Sissons in Colorado Avalanche zone.
8:50 of 3rd period - Minor Penalty to Mikko Rantanen for Roughing.
8:51 of 3rd period - Ryan O'Reilly wins face-off versus Ross Colton in Colorado Avalanche zone.
8:51 of 3rd period - Slapshot by Roman Josi.
8:51 of 3rd period - Shot Misses the Net.
8:59 of 3rd period - Slapshot by Roman Josi.
8:59 of 3rd period - Deflect By Filip Forsberg.
8:59 of 3rd period - Shot Misses the Net.
8:59 of 3rd period - Puck is out of play.
9:00 of 3rd period - Ryan O'Reilly wins face-off versus Ross Colton in Colorado Avalanche zone.
9:17 of 3rd period - Slapshot by Roman Josi.
9:17 of 3rd period - Stopped by Pavel Francouz without a rebound.
9:18 of 3rd period - Tommy Novak wins face-off versus Ross Colton in Colorado Avalanche zone.
9:19 of 3rd period - Slapshot by Tyson Barrie.
9:19 of 3rd period - Shot Misses the Net.
9:51 of 3rd period - Slapshot by Tyson Barrie.
9:51 of 3rd period - Shot Blocked by Devon Toews.
10:39 of 3rd period - Luke Schenn is hit by Josh Manson and loses puck.
10:50 of 3rd period - Penalty to Mikko Rantanen is over, Mikko Rantanen is back on ice.
11:08 of 3rd period - Devon Toews is hit by Cody Glass and loses puck.
12:20 of 3rd period - Mikko Rantanen is hit by Dante Fabbro and loses puck.
13:09 of 3rd period - Minor Penalty to Tyson Barrie for Roughing.
13:10 of 3rd period - Ryan O'Reilly wins face-off versus Nathan MacKinnon in Nashville Predators zone.
13:18 of 3rd period - Icing by Devon Toews.
13:19 of 3rd period - Ryan O'Reilly wins face-off versus Mikko Rantanen in Colorado Avalanche zone.
14:31 of 3rd period - Off-side.
14:32 of 3rd period - Ryan Johansen wins face-off versus Tommy Novak in neutral zone.
14:39 of 3rd period - Snap shot by Cale Makar.
14:39 of 3rd period - Deflect By Tommy Novak.
14:39 of 3rd period - Stopped by Juuse Saros without a rebound.
14:40 of 3rd period - Ryan O'Reilly wins face-off versus Ryan Johansen in Nashville Predators zone.
15:09 of 3rd period - Penalty to Tyson Barrie is over, Tyson Barrie is back on ice.
15:24 of 3rd period - Roman Josi is hit by Nathan MacKinnon and loses puck.
15:43 of 3rd period - Snap shot by Cody Glass.
15:43 of 3rd period - Shot Misses the Net.
15:45 of 3rd period - Slapshot by Roman Josi.
15:45 of 3rd period - Shot Misses the Net.
15:47 of 3rd period - Snap shot by Denis Gurianov.
15:47 of 3rd period - Shot Blocked by Jack Johnson.
15:49 of 3rd period - Snap shot by Cole Smith.
15:49 of 3rd period - Stopped by Pavel Francouz with a rebound.
15:51 of 3rd period - Slapshot by Jeremy Lauzon.
15:51 of 3rd period - Shot Blocked by Bowen Byram.
16:20 of 3rd period - Snap shot by Michael McCarron.
16:20 of 3rd period - Stopped by Pavel Francouz with a rebound.
16:22 of 3rd period - Wrist shot by Gustav Nyquist.
16:22 of 3rd period - Shot Blocked by Jack Johnson.
16:26 of 3rd period - Snap shot by Michael McCarron.
16:26 of 3rd period - Shot Misses the Net.
16:28 of 3rd period - Wrist shot by Mark Jankowski.
16:28 of 3rd period - Shot Misses the Net.
16:40 of 3rd period - Snap shot by Mikko Rantanen.
16:40 of 3rd period - Deflect By Nathan MacKinnon.
16:40 of 3rd period - Stopped by Juuse Saros with a rebound.
16:42 of 3rd period - Snap shot by Mikko Rantanen.
16:42 of 3rd period - Stopped by Juuse Saros without a rebound.
16:43 of 3rd period - Filip Forsberg wins face-off versus Nathan MacKinnon in Nashville Predators zone.
17:10 of 3rd period - Minor Penalty to Mikko Rantanen for Cross-checking.
17:11 of 3rd period - Ryan O'Reilly wins face-off versus Ross Colton in Colorado Avalanche zone.
17:16 of 3rd period - Wrist shot by Filip Forsberg.
17:16 of 3rd period - Stopped by Pavel Francouz without a rebound.
17:17 of 3rd period - Tomas Tatar wins face-off versus Ryan O'Reilly in Colorado Avalanche zone.
17:28 of 3rd period - Slapshot by Filip Forsberg.
17:28 of 3rd period - Stopped by Pavel Francouz with a rebound.
17:34 of 3rd period - Snap shot by Roman Josi.
17:34 of 3rd period - Stopped by Pavel Francouz with a rebound.
17:57 of 3rd period - Josh Manson is hit by Tyson Barrie and loses puck.
18:48 of 3rd period - Luke Evangelista is hit by Cale Makar and loses puck.
19:10 of 3rd period - Penalty to Mikko Rantanen is over, Mikko Rantanen is back on ice.
19:52 of 3rd period - Mikko Rantanen is hit by Luke Schenn and loses puck.
Goals for this period are 1 for Nashville Predators vs 1 for Colorado Avalanche.
Shots for this period are 13 for Nashville Predators vs 18 for Colorado Avalanche.